 Dungeon Crawl Stone Soup version 0.30-a0-912-ge10d75a369 (webtiles) character file.

Game seed: 14069742529023187561

14322 Drevant2 the Markskobold (level 12, -1/70 HPs)
             Began as a Kobold Hunter on Mar 19, 2023.
             Was a Priest of Nemelex Xobeh.
             Slain by a wolf spider (9 damage)
             ... on level 1 of the Lair of Beasts.
             The game lasted 00:45:07 (15911 turns).

Drevant2 the Markskobold (Kobold Hunter)           Turns: 15911, Time: 00:45:07

Health: -1/70      AC:  9    Str:  9    XL:     12   Next: 43%
Magic:  4/4        EV: 19    Int: 11    God:    Nemelex Xobeh [***...]
Gold:   701        SH:  0    Dex: 22    Spells: 11/11 levels left

rFire   . . .      SeeInvis .    D - +4 arbalest (antimagic)
rCold   . . .      Faith    .    (shield currently unavailable)
rNeg    . . .      Spirit   .    B - +0 steam dragon scales
rPois   .          Reflect  .    F - +2 hat
rElec   .          Rampage  .    (no cloak)
rCorr   .                        r - +0 pair of gloves
Will    .....                    O - +0 pair of boots {Fly}
Stlth   +++++++                  g - amulet of regeneration
HPRegen 1.11/turn                (no ring)
MPRegen 0.09/turn                (no ring)

@: lethally poisoned (-1 -> -21), flying
A: small, no large weapons, nightstalker 3
a: Renounce Religion, Draw Escape, Draw Destruction, Draw Summoning, Triple Draw


You were on level 1 of the Lair of Beasts.
You worshipped Nemelex Xobeh.
Nemelex Xobeh was most pleased with you.
You visited 3 branches of the dungeon, and saw 12 of its levels.
You also visited: Sewer.

You collected 918 gold pieces.
You spent 217 gold pieces at shops.

Inventory:

Hand Weapons
 a - a +0 shortbow
 h - the +2 mace "Taggaipt" {freeze, +Blink Will+ rCorr}
   (You found it on level 2 of the Dungeon)

   +Blink:    It lets you blink.
   rCorr:     It protects you from acid and corrosion.
   Will:      It increases your willpower.
 D - a +4 antimagic arbalest (weapon)
 G - a +0 shortbow
 H - a +0 arbalest of freezing
Missiles
 J - 2 throwing nets
Armour
 c - a +0 leather armour
 m - a +2 leather armour of willpower
 r - a +0 pair of gloves (worn)
 B - +0 steam dragon scales (worn)
 F - a +2 hat (worn)
 O - a +0 pair of boots of flying (worn)
Jewellery
 g - an amulet of regeneration (around neck)
 E - an amulet of faith
Wands
 v - a wand of flame (23)
 I - a wand of polymorph (17)
Scrolls
 b - 2 scrolls of immolation
 d - a scroll of vulnerability {unknown}
 e - a scroll of torment {unknown}
 k - a scroll of acquirement {unknown}
 l - 3 scrolls of silence {unknown}
 n - 2 scrolls of summoning {unknown}
 p - 3 scrolls of enchant armour
 s - a scroll of fog
 t - a scroll of amnesia
 u - a scroll of magic mapping {unknown}
 w - a scroll of blinking {unknown}
 y - a scroll of poison
 M - a scroll of noise {unknown}
Potions
 f - a potion of might {unknown}
 i - a potion of degeneration
 j - 9 potions of brilliance
 o - 3 potions of mutation
 q - 2 potions of lignification {unknown}
 x - a potion of experience {unknown}
 z - a potion of magic {unknown}
 A - 4 potions of cancellation {unknown}
 C - 4 potions of flight {unknown}
 K - 2 potions of attraction {unknown}
 L - a potion of invisibility {unknown}


   Skills:
 + Level 6.0 Fighting
 - Level 16.0 Ranged Weapons
 + Level 6.5 Dodging
 + Level 14.1 Stealth
 + Level 10.9 Evocations


You had 11 spell levels left.
You didn't know any spells.
Your spell library contained the following spells:

 Spells                   Type           Power      Damage    Failure   Level
 Kiss of Death            Conj/Necr      0%         2d5       34%         1
 Sting                    Tmut/Pois      0%         1d3       34%         1
 Cigotuvi's Dreadful Rot  Necr/Pois/Air  0%         N/A       47%         2
 Kindle Blastsparks       Fire/Tloc/Air  0%         2d10      71%         3
 Tukima's Dance           Hex            0%         N/A       71%         3
 Vampiric Draining        Necr           0%         2d6       71%         3
 Fulminant Prism          Conj/Hex       0%         3d5       98%         4
 Iskenderun's Mystic Bla  Conj/Tloc      0%         2d3       98%         4
 Olgreb's Toxic Radiance  Pois           0%         N/A       98%         4
 Passage of Golubria      Tloc           0%         N/A       98%         4
 Lee's Rapid Deconstruct  Erth           0%         3d4*      100%        5
 Yara's Violent Unravell  Hex/Tmut       0%         3d3       100%        5
 Death Channel            Necr           0%         N/A       100%        6
 Starburst                Conj/Fire      0%         6d3       100%        6
 Ozocubu's Refrigeration  Ice            0%         4d7       100%        7
 Ignition                 Fire           0%         3d3       100%        8


Dungeon Overview and Level Annotations

Branches:
Dungeon (10/15)            Temple (1/1) D:4            Lair (1/5) D:10
    Orc (0/2) D:9           Sewer (visited)

Altars:
Ashenzari
Cheibriados
Fedhas
Nemelex Xobeh
Qazlal
Ru
Sif Muna
Trog
Vehumet
Xom
Yredelemnul
Zin
The Shining One

Shops:
D:5 (   D:9 [   D:10 *

Annotations:
D:6 choppaz's ghost, novice DEFE
D:7 Maggie
D:9 Erolcha
D:10 Lodul


Innate Abilities, Weirdness & Mutations

You are small and have problems with some larger weapons.
You are completely attuned to the shadows.


Message History

You have drawn Pain.
Press: ? - help, Shift-Dir - straight line, f - wolf spider, p - cane toad
Aim: a wolf spider The bolt of negative energy hits the wolf spider!
The wolf spider is drained!
The wolf spider is moderately wounded.
The cane toad completely misses you. The wolf spider hits you!
* * * LOW HITPOINT WARNING * * *
The wolf spider bites you.
* * * LOW HITPOINT WARNING * * *
You are poisoned.
The wolf spider poisons you!
Okay, then.
You draw a card...
You have drawn Pain.
Press: ? - help, Shift-Dir - straight line, f/p - wolf spider
Aim: a wolf spider (moderately wounded, lightly drained)
The wolf spider convulses!
* * * LOW HITPOINT WARNING * * *
You feel extremely sick. The cane toad closely misses you.
The wolf spider misses you. The wolf spider bites you.
* * * LOW HITPOINT WARNING * * *
You are more poisoned.
The wolf spider poisons you! The cane toad closely misses you.
The wolf spider misses you. The wolf spider barely misses you.
You feel much better.
* * * LOW HITPOINT WARNING * * *
You feel extremely sick. The wolf spider hits you.
* * * LOW HITPOINT WARNING * * *
The wolf spider barely misses you. The cane toad stings you!
* * * LOW HITPOINT WARNING * * *
Unknown command.
You fail to use your ability.
* * * LOW HITPOINT WARNING * * *
You feel extremely sick. The wolf spider hits you!
You die...
Your body glows slightly and disappears.

.P.P...P....##.
P....P§§...#.#.
.PPS††§F.....#.
.PP..†§........
..........P....§.....
#.(.......PP.........
#.=............#.....
#..##s......P..#####.
#P#@F.....P...# ##.
###P#......P..####..
###.....P..........
#.###...P...#.#.#.
### #####.....(###
#...#.#.##.
#...###....
##...##...8
#####.###....


You could see a wolf spider (drained) and a cane toad.

Vanquished Creatures
  A wolf spider (Lair:1)
  Joseph (D:7)
  6 cane toads (Lair:1)
  2 gargoyles (D:9)
  A komodo dragon (Lair:1)
  A polar bear (Lair:1)
  A troll (D:10)
  A vampire (D:10)
  2 wyverns (D:10)
  22 yaks
  A basilisk (Lair:1)
  2 steam dragons
  Menkaure (D:4)
  4 water moccasins
  2 black bears
  4 orc warriors (D:9)
  A sky beast (D:7)
  The ghost of Pascal76 the Poker, an amateur MiBe of Trog (D:4)
  4 ogres
  8 wolves
  4 centaurs
  A phantom (D:5)
  4 kobold brigands
  6 bullfrogs
  A gnoll sergeant (D:9)
  3 scorpions (D:5)
  A wight (D:7)
  4 howler monkeys
  6 electric eels
  3 jellies
  3 orc priests
  6 hounds
  A gnoll bouda (D:6)
  Crazy Yiuf (D:7)
  2 sleepcaps
  2 iguanas
  9 orc wizards
  20 adders
  9 gnolls
  9 river rats
  2 shadow imps
  3 worms
  2 dart slugs
  37 orcs
  6 bats
  9 endoplasms
  3 giant cockroaches
  4 hobgoblins
  6 jackals
  20 kobolds
  3 quokkas (D:4)
  9 ball pythons
  4 frilled lizards
  7 goblins
  26 rats
302 creatures vanquished.

Vanquished Creatures (collateral kills)
  A two-headed ogre (D:7)
  The ghost of Kiciri the Skirmisher, a novice FoHu (D:7)
  A yak (D:9)
  2 bullfrogs
  An orc priest (D:8)
  An iguana (D:7)
  An orc wizard (D:8)
  2 adders (Lair:1)
  2 orcs
  A kobold (Sewer)
13 creatures vanquished.

Vanquished Creatures (others)
  21 fungi (Lair:1)
  66 plants
87 creatures vanquished.

Grand Total: 402 creatures vanquished

Notes
Turn   | Place    | Note
-------+----------+-------------------------------------------
     0 | D:1      | Drevant2 the Kobold Hunter began the quest for the Orb.
     0 | D:1      | Reached XP level 1. HP: 12/12 MP: 1/1
   193 | D:1      | Reached XP level 2. HP: 17/17 MP: 2/2
   201 | D:1      | Reached skill level 6 in Ranged Weapons
   341 | D:1      | Reached XP level 3. HP: 21/21 MP: 3/3
   349 | D:1      | Found a faded altar of an unknown god.
  1076 | D:2      | Identified the +2 mace "Taggaipt" {freeze, +Blink Will+
                  | rCorr}
  1172 | D:2      | Found a bloodstained altar of Trog.
  1669 | D:2      | Reached XP level 4. HP: 26/26 MP: 4/4
  2382 | D:3      | Noticed a black bear
  2654 | D:3      | Found a bloodstained altar of Trog.
  2679 | D:3      | Reached skill level 7 in Ranged Weapons
  2846 | D:4      | Found a staircase to the Ecumenical Temple.
  2853 | Temple   | Entered the Ecumenical Temple
  2922 | Temple   | Became a worshipper of Nemelex Xobeh the Trickster
  3228 | D:4      | Reached XP level 5. HP: 27/30 MP: 5/5
  3703 | D:4      | Noticed Menkaure
  3794 | D:4      | Found a runed translucent door.
  3797 | D:4      | Noticed a bullfrog
  3910 | D:4      | Found a runed translucent door.
  3923 | D:4      | Noticed Pascal76's ghost (amateur MiBe)
  3969 | D:5      | Entered Level 5 of the Dungeon
  4086 | D:5      | Reached XP level 6. HP: 35/35 MP: 6/6
  4090 | D:5      | Reached skill level 8 in Ranged Weapons
  4090 | D:5      | Reached skill level 5 in Stealth
  4213 | D:5      | Noticed an ogre
  4518 | D:5      | Reached XP level 7. HP: 32/40 MP: 7/7
  4669 | D:5      | Reached skill level 1 in Evocations
  4710 | D:5      | Reached skill level 9 in Ranged Weapons
  5150 | D:5      | Found Ukankyd's Antique Weapon Emporium.
  5152 | D:5      | Reached * piety under Nemelex Xobeh
  5260 | D:5      | Reached XP level 8. HP: 26/44 MP: 8/8
  5713 | D:5      | Found a broken altar of Ashenzari.
  5713 | D:5      | Found a sacrificial altar of Ru.
  5896 | D:6      | Received a gift from Nemelex Xobeh
  5934 | D:6      | Reached skill level 10 in Ranged Weapons
  6348 | D:6      | Found a glowing drain.
  6355 | Sewer    | Entered a sewer
  7062 | Sewer    | Identified the -1 hand axe "Uwuamp" {freeze, rCorr Str+3
                  | Dex-2}
  7076 | Sewer    | Reached skill level 11 in Ranged Weapons
  7412 | D:6      | Found a large runed translucent door.
  7413 | D:6      | Found a large runed translucent door.
  7641 | D:6      | Noticed choppaz's ghost (novice DEFE)
  7683 | D:7      | Reached XP level 9. HP: 22/48 MP: 9/9
  7834 | D:7      | Noticed Joseph
  7979 | D:7      | Noticed Maggie
  8025 | D:7      | Found a transporter.
  8039 | D:7      | Found a transporter.
  8479 | D:7      | Reached skill level 5 in Evocations
  8803 | D:7      | Reached skill level 12 in Ranged Weapons
  8854 | D:7      | Received a gift from Nemelex Xobeh
  9590 | D:4      | Reached ** piety under Nemelex Xobeh
  9614 | D:4      | Killed Menkaure
 10380 | D:8      | Reached skill level 13 in Ranged Weapons
 10380 | D:8      | Reached skill level 10 in Stealth
 10877 | D:7      | Received a gift from Nemelex Xobeh
 10974 | D:8      | Reached XP level 10. HP: 53/53 MP: 10/10
 11499 | D:9      | Found a staircase to the Orcish Mines.
 11538 | D:9      | Noticed a gargoyle
 11651 | D:8      | Reached skill level 14 in Ranged Weapons
 12084 | D:9      | Found Doidwosmio's Armour Boutique.
 12108 | D:9      | Killed a gargoyle
 12272 | D:9      | Noticed a gargoyle
 12629 | D:4      | Killed Pascal76's ghost
 12630 | D:4      | Reached skill level 15 in Ranged Weapons
 12751 | D:7      | Killed Joseph
 12846 | D:7      | Found a runed translucent door.
 12849 | D:7      | Noticed Crazy Yiuf
 12855 | D:7      | Killed Crazy Yiuf
 13264 | D:7      | Noticed a two-headed ogre
 13267 | D:7      | Noticed Kiciri's ghost (novice FoHu)
 13272 | D:7      | Killed a two-headed ogre
 13273 | D:7      | Reached XP level 11. HP: 51/57 MP: 3/11
 13285 | D:7      | Killed Kiciri's ghost
 13428 | D:8      | Received a gift from Nemelex Xobeh
 13776 | D:9      | Reached skill level 16 in Ranged Weapons
 13995 | D:9      | Noticed Erolcha
 14034 | D:10     | Entered Level 10 of the Dungeon
 14301 | D:10     | Reached *** piety under Nemelex Xobeh
 14522 | D:10     | Found Irizujan's Assorted Antiques.
 14527 | D:10     | Bought a scroll of teleportation for 66 gold pieces
 14527 | D:10     | Bought a purple potion for 19 gold pieces
 14527 | D:10     | Bought a scroll labelled MOCSYSTR VIEXT for 22 gold pieces
 14527 | D:10     | Bought a potion of heal wounds for 110 gold pieces
 14729 | D:10     | Found a staircase to the Lair.
 14800 | D:10     | Noticed a two-headed ogre
 14845 | D:10     | Noticed Lodul
 14927 | Lair:1   | Entered Level 1 of the Lair of Beasts
 14983 | Lair:1   | Reached skill level 10 in Evocations
 15040 | Lair:1   | Noticed a wolf spider
 15046 | Lair:1   | Reached skill level 5 in Dodging
 15056 | Lair:1   | Reached XP level 12. HP: 56/67 MP: 4/12
 15098 | Lair:1   | Reached skill level 5 in Fighting
 15429 | Lair:1   | Got the Grimoire of the Star-crossed Grave
 15828 | Lair:1   | Got the Volume of the Tincture and Conflagration
 15911 | Lair:1   | Slain by a wolf spider

Illustrated notes

Levels and vault maps discovered:
D:1:      erik_arrival_cave_to_civilisation [erik_arrival_cave_to_hall],
          layout_basic, hellmonk_ecumenical_altar_defaced_shrine,
          minmay_misc_feat_roman
D:2:      layout_basic, basic_altar, chequers_serial_rivers_small_3,
          minmay_distorted
D:3:      layout_rooms, nicolae_overflow_hidden_temple
D:4:      layout_basic, minmay_temple_entry_water_ring, ebering_ghost_sewer_f,
          serial_bayou_pond_c, st_stairs_13, uniq_menkaure
D:5:      layout_basic, gammafunk_temple_overflow_pools, serial_shops, shop
D:6:      layout_loops_ring, gup_sewer_entry_bubbles,
          ebering_ghost_disaster_area, minmay_liquid_box, serial_bayou_crossing
D:7:      statuecave_lemuel, layout_loops_ring, nzn_ghost_randoct,
          enter_bailey_3, st_stairs_7, uniq_joseph, uniq_crazy_yiuf_cottage,
          uniq_maggie
D:8:      layout_basic, st_stairs_3, nicolae_underground_beach
D:9:      minmay_goldmine, layout_rooms, serial_shops, shop_statue, uniq_erolcha
D:10:     layout_loops_ring, erik_lair_island, serial_shops, shop,
          chequers_serial_rivers_small_b, uniq_lodul
Temple:   compressed_dpeg_triangle_lava_temple
Lair:1:   minmay_lair_venomous_thicket, layout_loops_ring, beast_lair_carwin_7,
          infiniplex_staircase_pool, lemuel_fruit_tree, grunt_megastairs_4,
          serial_bayou_shore_a

Skill      XL: |  1  2  3  4  5  6  7  8  9 10 11 12 |
---------------+-------------------------------------+-----
Ranged Weapons | 6 7 8 9 11 13 15 16 | 16.0
Stealth        | 2 3 4 6 7 8 10 12 13 14 | 14.1
Evocations     | 2 4 6 8 10 | 10.9
Dodging        | 5 6 |  6.5
Fighting       | 4 6 |  6.0

Action                     |  1- 3 |  4- 6 |  7- 9 | 10-12 || total
---------------------------+-------+-------+-------+-------++-------
   Fire: Shortbow          |    76 |   146 |   505 |       ||   727
         Arbalest          |       |       |       |   354 ||   354
 Invoke: Draw Summoning    |       |       |     2 |     3 ||     5
         Draw Destruction  |       |       |     1 |     4 ||     5
         Draw Escape       |       |       |       |     5 ||     5
    Use: Scroll            |       |       |    11 |     9 ||    20
         Potion            |       |       |     6 |     5 ||    11
 Armour: Leather armour    |    14 |    15 |   121 |    18 ||   168
         Steam dragon scal |       |       |       |    22 ||    22
  Dodge: Dodged            |    28 |    64 |   293 |   204 ||   589

Table legend: (Time is in decaauts)
 A = Elapsed time spent in this place.
 B = Non-inter-level travel time spent in this place.
 C = Inter-level travel time spent in this place.
 D = Time resting spent in this place.
 E = Time spent auto-exploring this place.
 F = Levels seen in this place.
 G = Mean time per level.
                   A        B        C        D        E       F      G
               +--------+--------+--------+--------+--------+-----+--------+
         Total |  16047 |  11684 |   4363 |   3130 |   5633 |  13 | 1234.4 |
       Dungeon |  14202 |   9935 |   4267 |   2661 |   5200 |  10 | 1420.2 |
        Temple |     78 |     78 |      0 |      0 |      0 |   1 |   78.0 |
          Lair |    998 |    902 |     96 |    201 |    433 |   1 |  998.0 |
         Sewer |    767 |    767 |      0 |    268 |      0 |   1 |  767.0 |
               +--------+--------+--------+--------+--------+-----+--------+

Top non-repeatable levels by time:
     D:5: 2355 daAuts
     D:7: 2335 daAuts
     D:4: 1716 daAuts
     D:8: 1516 daAuts
     D:6: 1462 daAuts
     D:2: 1373 daAuts
     D:9: 1051 daAuts
  Lair:1: 998 daAuts
     D:1: 983 daAuts
    D:10: 904 daAuts
   Sewer: 767 daAuts
     D:3: 503 daAuts
  Temple: 78 daAuts
